 Dungeon Crawl Stone Soup version 0.25.1-2-g60ff931df9 (webtiles) character file.

Game seed: 2901724293467174462

55167 Exodus22XD the Fencer (level 15, -12/124 HPs)
             Began as a Human Berserker on Oct 17, 2020.
             Was a High Priest of Trog.
             Mangled by an alligator (17 damage)
             ... on level 1 of the Swamp.
             The game lasted 00:40:28 (23359 turns).

Exodus22XD the Fencer (Human Berserker)            Turns: 23359, Time: 00:40:29

Health: -12/124    AC: 24    Str: 32    XL:     15   Next: 17%
Magic:  15/15      EV: 12    Int: 11    God:    Trog [*****.]
Gold:   1531       SH:  5    Dex: 13    Spells: 14/14 levels left

rFire    . . .     SeeInvis .   B - +4 demon blade (flame)
rCold    . . .     Gourm    .   (no shield)
rNeg     . . .     Faith    .   v - +7 chain mail "Vubryok" {Str+3 Int+3}
rPois    +         Spirit   .   r - +0 helmet
rElec    .         Reflect  +   s - +0 cloak
rCorr    .         Harm     .   (no gloves)
MR       +....                  n - +0 pair of boots
Stlth    ..........             o - amulet of reflection
HPRegen  0.30/turn              J - ring of poison resistance
MPRegen  0.14/turn              T - +6 ring of strength

@: berserk cooldown, very slightly contaminated, slowed, very slow
A: no striking features
a: Berserk, Trog's Hand, Brothers in Arms, Renounce Religion


You were on level 1 of the Swamp.
You worshipped Trog.
Trog was extremely pleased with you.
You were not hungry.

You visited 3 branches of the dungeon, and saw 17 of its levels.
You also visited: Ice Cave.

You collected 1531 gold pieces.

Inventory:

Hand Weapons
 b - a +5 antimagic scimitar
 B - a +4 demon blade of flaming (weapon)
 P - a cursed +1 great sword of freezing
Armour
 n - a +0 pair of boots (worn)
 r - a +0 helmet (worn)
 s - a +0 cloak (worn)
 v - the +7 chain mail "Vubryok" (worn) {Str+3 Int+3}
   (You found it on level 1 of the Lair of Beasts)

   It affects your strength (+3).
   It affects your intelligence (+3).
Jewellery
 h - an uncursed ring of magical power
 o - an amulet of reflection (around neck)
 x - an uncursed ring of positive energy
 J - a ring of poison resistance (left hand)
 N - an uncursed ring of protection from cold
 T - a +6 ring of strength (right hand)
 Z - a +4 ring of evasion
Wands
 a - a wand of iceblast (15)
 w - a wand of clouds (4)
 D - a wand of enslavement (10)
 I - a wand of digging (12)
 L - a wand of flame (25)
 M - a wand of paralysis (17)
 O - a wand of disintegration (18)
 V - a wand of random effects (17)
 Y - a wand of polymorph (13)
Scrolls
 d - 3 scrolls of immolation
 f - a scroll of blinking
 i - 10 scrolls of remove curse
 k - 4 scrolls of enchant weapon
 l - 12 scrolls of teleportation
 q - 2 scrolls of fog
 u - 5 scrolls of magic mapping
 y - 2 scrolls of enchant armour
 A - a scroll of holy word
 H - 3 scrolls of silence
 S - a scroll of torment
Potions
 e - 5 potions of flight
 g - 4 potions of lignification
 j - 3 potions of might
 m - 8 potions of curing
 p - a potion of berserk rage {unknown}
 t - a potion of heal wounds
 z - 3 potions of mutation {unknown}
 E - a potion of cancellation {unknown}
 K - a potion of experience {unknown}
 R - 3 potions of stabbing {unknown}
 U - 2 potions of haste {unknown}
 X - a potion of brilliance {unknown}
Miscellaneous
 Q - a phial of floods
 W - a tin of tremorstones (3/3)
Comestibles
 c - 36 rations


   Skills:
 + Level 13.5 Fighting
 + Level 15.5 Long Blades
 + Level 13.6 Armour
 + Level 5.2 Dodging
 - Level 2.0 Stealth


You had 14 spell levels left.
You didn't know any spells.
Your spell library was empty.

Dungeon Overview and Level Annotations

Branches:
Dungeon (10/15)            Temple (0/1) D:7            Lair (6/6) D:10
  Swamp (1/4) Lair:2       Spider (0/4) Lair:2        Slime (0/5) Lair:5
  IceCv (visited)
    Orc: D:9-12

Altars:
Cheibriados
Elyvilon
Fedhas
Gozag
Kikubaaqudgha
Trog
Vehumet
The Shining One
Jiyva

Shops:
D:10 }

Annotations:
D:7 3 runed translucent doors, UnDebs's ghost, novice HuCj
D:9 2 transporters, TangoThomas's ghost, novice MfGl
Lair:5 exclusion: 4 oklob plants


Message History

The floor, spattered with blood.
You slice the alligator!! You burn the alligator!
The alligator is almost dead.
The alligator bites you.
* * * LOW HITPOINT WARNING * * *
The alligator tail-slaps you.
* * * LOW HITPOINT WARNING * * *
Blink to where?
Press: ? - help, Dir - move target cursor
Okay, then.
Unknown command.
Okay, then.
Blink to where?
Press: ? - help, Dir - move target cursor You are very lightly contaminated with residual magic.
As you read the scroll of blinking, it crumbles to dust.
Found 18 gold pieces.
Your troll goes berserk!
You feel somewhat more hungry. The alligator bites you!
You die...

♣♣.≈≈≈≈.J≈............♣♣♣≈
♣♣♣..≈≈≈≈≈........§..≈≈...
.♣♣♣.≈≈≈≈..≈..♣♣≈....>≈≈≈.
.≈♣≈.≈≈≈≈≈.....≈≈.....≈≈≈$
...♣♣.≈≈≈≈≈...≈≈.........§
.≈≈..♣.≈≈≈≈..≈≈≈≈≈≈.≈♣.≈.♣
.≈≈≈≈..≈≈≈≈≈≈≈≈≈t.≈.≈.≈≈≈♣
.≈≈.≈..≈≈≈≈≈≈≈≈t≈.≈♣≈...♣♣
≈...≈≈.≈≈≈.≈≈≈≈≈@...≈≈.≈♣
.♣≈.≈...≈≈≈≈≈≈≈..≈.≈≈≈.♣
§.....≈..≈≈≈≈≈≈..T.≈≈.≈♣
≈≈....§♣≈..≈≈≈≈.......≈♣
♣...≈.♣♣♣≈.≈≈≈≈..≈♣♣♣♣♣≈
♣§...≈♣♣≈.≈......♣♣
......♣≈.≈≈....≈≈$
♣........≈≈..≈≈.≈≈
♣.≈.<.≈≈≈≈≈.


You could see 2 alligators and a friendly troll (summoned, berserk).

Vanquished Creatures
  3 fire dragons
  6 hydras
  A catoblepas (Lair:4)
  Erica (D:8)
  A two-headed ogre (D:10)
  5 alligators (Swamp:1)
  A death yak (IceCv)
  2 lindwurms (Lair:6)
  A swamp dragon (Lair:6)
  8 elephants
  A black mamba (Lair:4)
  An ice statue (IceCv)
  5 torpor snails (Lair:6)
  A gargoyle (D:10)
  9 spiny frogs
  10 komodo dragons
  4 rime drakes
  4 tyrant leeches
  2 trolls (D:10)
  8 hornets (Lair:6)
  4 blink frogs
  3 slime creatures (Swamp:1)
  2 dream sheep (D:8)
  11 polar bears
  5 hippogriffs
  Sigmund (D:5)
  A shadow (Swamp:1)
  A fire elemental (Lair:3)
  2 redbacks (Lair:2)
  2 basilisks (Lair:6)
  4 wyverns
  67 yaks
  Eustachio (D:4)
  3 vampire mosquitoes (Swamp:1)
  A hungry ghost (D:9)
  A swamp worm (Swamp:1)
  2 acid dragons (Lair:6)
  14 water moccasins
  9 porcupines
  3 orc warriors
  A sky beast (D:5)
  A swamp drake (Lair:6)
  A necrophage (D:10)
  A black bear (D:8)
  An eye of draining (D:8)
  2 ogres (D:7)
  3 centaurs
  23 wolves
  9 crocodiles
  6 big kobolds
  14 bullfrogs
  2 scorpions
  A water moccasin skeleton (D:8)
  4 killer bees (D:10)
  10 wights
  3 howler monkeys
  5 crimson imps
  2 bullfrog zombies
  6 hounds
  2 gnoll shamans
  Crazy Yiuf (D:4)
  2 orc priests
  2 bullfrog skeletons (D:9)
  4 iguanas
  7 orc wizards
  9 worker ants
  Robin (D:2)
  A howler monkey zombie (D:5)
  A worker ant zombie (D:6)
  11 gnolls
  A howler monkey skeleton (D:8)
  6 adders
  2 shadow imps
  3 oozes
  4 worms
  2 adder skeletons
  4 dart slugs
  4 leopard geckos
  35 orcs
  5 giant cockroaches
  19 goblins
  10 hobgoblins
  10 jackals
  14 kobolds
  4 quokkas
  A ball python (D:4)
  7 bats
  6 frilled lizards
  A jackal skeleton (D:3)
  A jackal zombie (D:6)
  A leopard gecko zombie (D:5)
  18 rats
505 creatures vanquished.

Vanquished Creatures (collateral kills)
  A frost giant (IceCv)
  Nessos (Lair:6)
  3 polar bears (IceCv)
5 creatures vanquished.

Vanquished Creatures (others)
  A wizard (D:5)
  2 yaks (IceCv)
  9 fungi
  21 plants
33 creatures vanquished.

Grand Total: 543 creatures vanquished

Notes
Turn   | Place    | Note
-------+----------+-------------------------------------------
     0 | D:1      | Exodus22XD the Human Berserker began the quest for the Orb.
     0 | D:1      | Reached XP level 1. HP: 18/18 MP: 1/1
   202 | D:1      | Reached XP level 2. HP: 16/24 MP: 2/2
   620 | D:1      | Reached XP level 3. HP: 26/29 MP: 3/3
   718 | D:1      | Reached ** piety under Trog
  1198 | D:2      | Reached XP level 4. HP: 36/36 MP: 4/4
  1560 | D:2      | Noticed Robin
  1569 | D:2      | Killed Robin
  1936 | D:2      | Reached skill level 4 in Long Blades
  1936 | D:2      | Reached XP level 5. HP: 38/42 MP: 5/5
  2408 | D:2      | Reached *** piety under Trog
  3267 | D:3      | Found a glowing golden altar of the Shining One.
  3268 | D:3      | Found an ancient bone altar of Kikubaaqudgha.
  3271 | D:3      | Found a blossoming altar of Fedhas.
  3305 | D:4      | Noticed Eustachio
  3639 | D:4      | HP: 3/63 [iron imp[Eustachio] (7)]
  3641 | D:4      | Killed Eustachio
  3641 | D:4      | Reached XP level 6. HP: 4/49 MP: 6/6
  3936 | D:4      | Found a runed translucent door.
  3937 | D:4      | Noticed Crazy Yiuf
  3949 | D:4      | Killed Crazy Yiuf
  3949 | D:4      | Reached skill level 5 in Long Blades
  4131 | D:4      | Reached XP level 7. HP: 55/55 MP: 7/7
  4200 | D:4      | Found a white marble altar of Elyvilon.
  4202 | D:4      | Found a radiant altar of Vehumet.
  4659 | D:5      | Entered Level 5 of the Dungeon
  4911 | D:5      | Reached skill level 1 in Stealth
  4914 | D:5      | Reached **** piety under Trog
  5046 | D:5      | Found a bloodstained altar of Trog.
  5049 | D:5      | Noticed a wizard
  5129 | D:5      | Reached skill level 6 in Long Blades
  5129 | D:5      | Reached XP level 8. HP: 49/61 MP: 8/8
  5243 | D:5      | Noticed Sigmund
  5266 | D:5      | Killed Sigmund
  5378 | D:5      | Reached skill level 5 in Fighting
  5619 | D:5      | Killed a wizard
  5807 | D:6      | Reached skill level 7 in Long Blades
  5920 | D:6      | Reached skill level 5 in Armour
  6249 | D:6      | Reached skill level 8 in Long Blades
  6347 | D:6      | Reached XP level 9. HP: 68/68 MP: 9/9
  6649 | D:7      | Found a runed translucent gate.
  6649 | D:7      | Found a runed translucent gate.
  6651 | D:7      | Found a runed translucent gate.
  6652 | D:7      | Noticed UnDebs's ghost (novice HuCj)
  6799 | D:7      | Found a staircase to the Ecumenical Temple.
  7268 | D:7      | Reached ***** piety under Trog
  7268 | D:7      | Reached skill level 9 in Long Blades
  8087 | D:8      | Received a gift from Trog
  8142 | D:8      | Got an encrusted glaive {god gift}
  8219 | D:8      | Noticed a hippogriff
  8234 | D:8      | Killed a hippogriff
  8236 | D:8      | Reached XP level 10. HP: 77/77 MP: 10/10
  8243 | D:8      | Reached skill level 10 in Long Blades
  8525 | D:8      | Found a snail-covered altar of Cheibriados.
  8751 | D:8      | Reached skill level 11 in Long Blades
  9012 | D:8      | Noticed a three-headed hydra
  9017 | D:8      | Killed a one-headed hydra
  9024 | D:8      | Reached XP level 11. HP: 86/86 MP: 11/11
  9090 | D:8      | Noticed Erica
  9103 | D:8      | Killed Erica
  9688 | D:9      | Found a transporter.
  9694 | D:9      | Found a transporter.
  9694 | D:9      | Noticed a wolf spider
  9702 | D:9      | Noticed a moth of wrath
  9709 | D:9      | Noticed TangoThomas's ghost (novice MfGl)
  9742 | D:9      | Reached skill level 12 in Long Blades
 10730 | D:10     | Entered Level 10 of the Dungeon
 10876 | D:10     | Found Luewk's Gadget Shop.
 11189 | D:10     | Found a staircase to the Lair.
 11688 | D:10     | Paralysed by fainting for 6 turns
 11798 | D:10     | Noticed a two-headed ogre
 11804 | D:10     | Killed a two-headed ogre
 11982 | D:10     | Reached XP level 12. HP: 92/94 MP: 12/12
 12036 | D:10     | Found an opulent altar of Gozag.
 12320 | Lair:1   | Entered Level 1 of the Lair of Beasts
 12662 | Lair:1   | Got a masterwork chain mail
 12673 | Lair:1   | Identified the +7 chain mail "Vubryok" {Str+3 Int+3} (You
                  | found it on level 1 of the Lair of Beasts)
 12699 | Lair:1   | Noticed a five-headed hydra
 12707 | Lair:1   | Killed a one-headed hydra
 12707 | Lair:1   | Reached skill level 13 in Long Blades
 12750 | Lair:1   | Reached skill level 10 in Fighting
 13148 | Lair:1   | Reached skill level 10 in Armour
 14313 | Lair:2   | Noticed a fire dragon
 14344 | Lair:2   | Killed a fire dragon
 14538 | Lair:2   | Received a gift from Trog
 14595 | Lair:2   | You fall into a shaft and drop 1 floor!
 14714 | Lair:2   | Found a staircase to the Swamp.
 14835 | Lair:2   | Reached XP level 13. HP: 74/103 MP: 13/13
 15005 | Lair:2   | Noticed a six-headed hydra
 15019 | Lair:2   | Killed a one-headed hydra
 15019 | Lair:2   | Reached skill level 14 in Long Blades
 15147 | Lair:2   | Found a hole to the Spider Nest.
 15719 | Lair:3   | Noticed a six-headed hydra
 15727 | Lair:3   | Killed a two-headed hydra
 15911 | Lair:3   | Noticed a seven-headed hydra
 15917 | Lair:3   | Killed a four-headed hydra
 16575 | Lair:4   | Noticed an eight-headed hydra
 16587 | Lair:4   | Killed a four-headed hydra
 17171 | Lair:4   | Noticed a catoblepas
 17412 | Lair:4   | Killed a catoblepas
 17653 | Lair:5   | Found a frozen archway.
 17664 | IceCv    | Entered an ice cave
 18002 | IceCv    | Reached ****** piety under Trog
 18190 | IceCv    | Received a gift from Trog
 18320 | IceCv    | Reached XP level 14. HP: 103/113 MP: 14/14
 18883 | IceCv    | Noticed a frost giant
 18912 | IceCv    | Killed a frost giant
 19337 | Lair:5   | Reached skill level 15 in Long Blades
 19960 | Lair:5   | Found a viscous altar of Jiyva.
 19961 | Lair:5   | Found a staircase to the Slime Pits.
 20122 | Lair:6   | Entered Level 6 of the Lair of Beasts
 20250 | Lair:6   | Noticed Nessos
 20265 | Lair:6   | Killed Nessos
 21288 | Lair:6   | Found a runed translucent door.
 21994 | Lair:6   | Paralysed by a hornet for 1 turns
 22159 | Lair:6   | Reached skill level 5 in Dodging
 22325 | Lair:6   | Received a gift from Trog
 22844 | Swamp:1  | Entered Level 1 of the Swamp
 22863 | Swamp:1  | Reached XP level 15. HP: 64/123 MP: 15/15
 23357 | Swamp:1  | HP: 4/124 [alligator (5)]
 23359 | Swamp:1  | Mangled by an alligator

Illustrated notes

Levels and vault maps discovered:
D:1:      dpeg_arrival_round_c, layout_loops_ring
D:2:      layout_basic, chequers_serial_rivers_large_b, minmay_tetromino_l2,
          uniq_robin
D:3:      layout_basic, minitemple, roderic_malta_cross
D:4:      layout_basic, chequers_temple_overflow_statue_of_worship,
          first_ration, uniq_eustachio, uniq_crazy_yiuf_cottage
D:5:      lemuel_upstairs_altar, layout_basic, kennysheep_big_empty_room,
          grunt_ministairs_7, trog_wizard, uniq_sigmund
D:6:      layout_rooms
D:7:      layout_loops_corners, minmay_temple_entry_enclosed_plants,
          gammafunk_ghost_split
D:8:      layout_basic, cheibrodos_worm_habitat, hangedman_ranch
          [blue_anna_fruit_fields], uniq_erica
D:9:      layout_stronghold, gammafunk_ghost_berserking_beasts
D:10:     layout_basic, lair_entry_dummy, serial_shops, shop,
          grunt_gozag_statues
Lair:1:   layout_layer_cave, st_stairs_5
Lair:2:   dragon1_lemuel, layout_chaotic_city, swamp_mist,
          spider_nest_entry_webs
Lair:3:   layout_gridlike, serial_bayou_shore_a, lemuel_fruit_tree
Lair:4:   layout_gridlike, beast_lair_carwin_2, grunt_megastairs_5
Lair:5:   layout_cave_pods, slime_altar_1, portal_ice_cave_entry_pillars_2,
          minmay_lair_oklob_chamber
Lair:6:   wormcave, layout_loops_ring, guppyfry_lair_end_dragon, uniq_nessos
Swamp:1:  layout_basic_swamp, evilmike_swamp_ruin_house_2, swamp_pool1,
          worms_lemuel, infiniplex_staircase_pool

Skill      XL: |  1  2  3  4  5  6  7  8  9 10 11 12 13 14 |
---------------+-------------------------------------------+-----
Dodging        | 3 4 5 |  5.2
Long Blades    | 4 5 6 8 9 11 12 13 14 15 | 15.5
Fighting       | 4 5 6 8 9 10 11 13 | 13.5
Armour         | 3 4 5 6 7 9 10 12 13 | 13.6
Stealth        | 1 2 |  2.0

Action                   |  1- 3 |  4- 6 |  7- 9 | 10-12 | 13-15 || total
-------------------------+-------+-------+-------+-------+-------++-------
Melee: Falchion          |    81 |   140 |       |       |       ||   221
       Scimitar          |       |    98 |   350 |   567 |   659 ||  1674
       Hand axe          |       |       |       |    12 |       ||    12
       Demon blade       |       |       |       |       |    96 ||    96
Invok: Berserk           |       |     4 |     5 |     7 |     6 ||    22
       Brothers in Arms  |       |       |       |       |     3 ||     3
       Trog's Hand       |       |       |       |       |     2 ||     2
  Use: Scroll            |       |       |     1 |    15 |    11 ||    27
       Potion            |       |       |       |       |     2 ||     2
  Eat: Chunk             |     1 |    14 |    17 |    25 |    21 ||    78
       Ration            |       |       |       |     2 |     4 ||     6
Armor: Animal skin       |    16 |       |       |       |       ||    16
       Ring mail         |    18 |    19 |       |       |       ||    37
       Plate armour      |       |   266 |   237 |   199 |       ||   702
       Chain mail        |       |       |       |    76 |   428 ||   504
Dodge: Dodged            |    76 |   158 |   125 |   187 |   314 ||   860
Block: Other             |     2 |    85 |    50 |   103 |   145 ||   385
       Reflection        |       |     1 |     2 |     5 |     2 ||    10
       Rpst.: Falchion   |    27 |    18 |       |       |       ||    45
       Scimitar          |       |    28 |    29 |    52 |    66 ||   175
       Demon blade       |       |       |       |       |     6 ||     6
